 Dungeon Crawl Stone Soup version 0.19-a0-1008-g4c63d25 (webtiles) character file.

2737 epen the Transmogrifier (level 9, -2/68 HPs)
             Began as a Merfolk Transmuter on July 23, 2016.
             Was a Priest of Uskayaw.
             Splashed by a jelly's acid (10 damage)
             ... on level 8 of the Dungeon.
             The game lasted 00:12:59 (8621 turns).

epen the Transmogrifier (Merfolk Transmuter)        Turns: 8621, Time: 00:13:02

Health: -2/68      AC: -10   Str:  8    XL:     9   Next: 67%
Magic:  11/19      EV: 16    Int: 17    God:    Uskayaw [***...]
Gold:   498        SH:  0    Dex: 15    Spells: 4 memorised, 7 levels left

rFire  . . .     SeeInvis .       - Unarmed
rCold  . . .     Gourm    .     b - +0 robe
rNeg   + + .     Faith    .     (shield currently unavailable)
rPois  .         Spirit   .     (no helmet)
rElec  .         Dismiss  .     (no cloak)
rCorr  .         Reflect  .     (gloves currently unavailable)
SustAt .         Harm     .     (no boots)
MR     .....                    (no amulet)
Stlth  +.........               r - ring of positive energy
                                h - ring of positive energy

@: blade hands, corroded, not resistant to hostile enchantments, very unstealthy
A: change form in water, swift swim, claws 1, clever 1, weak 1, sturdy frame 1
a: End Transformation, Stomp, Line Pass, Renounce Religion


You were on level 8 of the Dungeon.
You worshipped Uskayaw.
Uskayaw was noncommittal.
You were near starving.
You had blades for hands.
You visited 2 branches of the dungeon, and saw 9 of its levels.
You also visited: Sewer.

You collected 498 gold pieces.

Inventory:

Missiles
 a - 94 arrows
Armour
 b - a +0 robe (worn)
 s - a +1 pair of gloves (melded)
Jewellery
 h - a ring of positive energy (left scythe-like blade)
 r - a ring of positive energy (right scythe-like blade)
Wands
 o - a wand of acid (8/15)
 v - a wand of flame (7/48)
 w - a wand of flame (29/48)
 y - a wand of iceblast (5/15)
 E - a wand of hasting (7/9)
 H - a wand of iceblast (1/15)
Scrolls
 e - 2 scrolls of teleportation
 f - 4 scrolls of remove curse
 j - 2 scrolls of magic mapping
 m - 2 scrolls of blinking
 n - 3 scrolls of identify
 q - a scroll of enchant armour
Potions
 i - a potion of might
 p - 6 potions of curing
 t - 3 potions of lignification
 z - a potion of invisibility
 A - 8 potions of heal wounds
 B - a potion of brilliance
 C - a potion of flight
 D - 2 potions of agility
Books
 c - a book of Changes

   Spells                             Type                      Level
   a - Beastly Appendage              Transmutation                1
   b - Sticks to Snakes               Transmutation                2
   c - Spider Form                    Transmutation/Poison         3
   d - Ice Form                       Ice/Transmutation            4
   e - Blade Hands                    Transmutation                5
 k - a book of Geomancy

   Spells                             Type                      Level
   a - Sandblast                      Earth                        1
   b - Passwall                       Transmutation/Earth          2
   c - Stone Arrow                    Conjuration/Earth            3
   d - Petrify                        Transmutation/Earth          4
   e - Lee's Rapid Deconstruction     Earth                        5
Comestibles
 d - 3 bread rations
 g - 4 meat rations
 l - 2 beef jerkies
 u - 6 fruits
 I - a slice of pizza


   Skills:
 + Level 5.2 Fighting
 + Level 6.9 Dodging
 + Level 6.3 Unarmed Combat
 * Level 6.6 Spellcasting
 * Level 9.4 Transmutations


You had 7 spell levels left.
You knew the following spells:

 Your Spells              Type           Power        Failure   Level  Hunger
b - Sticks to Snakes      Tmut           #####...     12%         2    None
c - Spider Form           Tmut/Pois      ###.......   41%         3    ##.....
d - Blade Hands           Tmut           #####.....   45%         5    #####..
e - Ice Form              Ice/Tmut       ###.....     63%         4    ####...


Dungeon Overview and Level Annotations

Branches:
Dungeon (8/15)             Temple (1/1) D:6
   Lair: D:8-11

Altars:
Cheibriados
Elyvilon
Fedhas
Pakellas
Qazlal
Ru
Sif Muna
Trog
Uskayaw
Vehumet
Yredelemnul
Zin
The Shining One

Shops:
D:4 =


Innate Abilities, Weirdness & Mutations

You revert to your normal form in water.
You are very nimble and swift while swimming.
You have sharp fingernails.
Your mind is acute. (Int +2)
You are weak. (Str -2)
Your movements are slightly less encumbered by armour. (ER -2)


Message History

The ooze barely misses you. The ooze misses you.
You hit the ooze.
The ooze is heavily wounded.
The jelly hits you.
You are splashed with acid!
The acid corrodes you!
The acid burns!
* * * LOW HITPOINT WARNING * * *
The ooze closely misses you. The ooze barely misses you.
Casting: Blade Hands
Confirm with . or Enter, or press ? or * to list all spells.
Your hands turn into razor-sharp scythe blades.
Your +1 pair of gloves melds into your body.
You are near starving!
The jelly completely misses you.
You slash the jelly!
Your scythe-like blades burn!
* * * LOW HITPOINT WARNING * * *
The jelly is heavily wounded.
The jelly hits you.
* * * LOW HITPOINT WARNING * * *
You are splashed with acid!
The acid corrodes you!
The acid burns!
You die...

##########
#.........
#.######## ####..≈#
#....≈#####
#########+#..@#...#
#............≈JJ#
#..........#..#...#
#..........#.≈#####
#..........##.≈#
#..........#####
#..........+
#..........#
###......###


You could see a jelly and an ooze.

Vanquished Creatures
  A two-headed ogre (D:7)
  Edmund (D:5)
  2 orc warriors (D:7)
  A sky beast (D:7)
  A black bear (D:7)
  4 ogres
  2 big kobolds (Sewer)
  3 giant frogs
  A wyvern zombie (D:7)
  2 scorpions
  7 howler monkeys
  3 crimson imps (D:6)
  A giant frog zombie (D:5)
  A centaur zombie (D:6)
  2 jellies (D:8)
  2 giant frog skeletons
  2 hounds
  2 orc priests
  2 centaur skeletons (D:4)
  2 iguanas
  3 orc wizards
  A worker ant (D:4)
  A worker ant zombie (D:7)
  9 river rats (Sewer)
  13 adders
  A shadow imp (D:7)
  4 oozes
  An adder skeleton (D:8)
  4 worms
  4 dart slugs
  2 giant geckos
  33 orcs
  5 ball pythons
  7 giant cockroaches
  6 goblins
  8 hobgoblins
  10 jackals (D:3)
  2 quokkas
  6 bats
  2 giant gecko skeletons (D:4)
  6 giant newts
  24 kobolds
  2 quokka zombies
  24 rats
220 creatures vanquished.

Vanquished Creatures (collateral kills)
  2 orcs (D:4)
  A bat (D:1)
3 creatures vanquished.

Vanquished Creatures (others)
  A troll (D:4)
  A quokka (D:6)
2 creatures vanquished.

Grand Total: 225 creatures vanquished

Notes
Turn   | Place    | Note
-------+----------+-------------------------------------------
     0 | D:1      | epen the Merfolk Transmuter began the quest for the Orb.
     0 | D:1      | Reached XP level 1. HP: 15/15 MP: 3/3
    82 | D:1      | Reached XP level 2. HP: 14/21 MP: 5/5
    91 | D:1      | Learned a level 2 spell: Sticks to Snakes
   328 | D:1      | Reached skill level 3 in Transmutations
   634 | D:1      | Reached XP level 3. HP: 26/26 MP: 7/7
   642 | D:1      | Learned a level 3 spell: Spider Form
  1196 | D:2      | Reached XP level 4. HP: 25/32 MP: 0/8
  1400 | D:2      | Found a glowing golden altar of the Shining One.
  2284 | D:3      | Reached XP level 5. HP: 35/38 MP: 5/9
  2362 | D:3      | Found a basalt altar of Yredelemnul.
  2663 | D:4      | Reached skill level 4 in Transmutations
  2663 | D:4      | Killed a troll
  2938 | D:4      | Noticed an ogre
  2945 | D:4      | Killed an ogre
  2945 | D:4      | Reached XP level 6. HP: 46/46 MP: 4/11
  2952 | D:4      | Reached skill level 5 in Transmutations
  3008 | D:4      | Learned a level 5 spell: Blade Hands
  3098 | D:4      | HP: 1/69 [orc/trident (5)]
  3186 | D:4      | Reached XP level 7. HP: 19/51 MP: 13/13
  3659 | D:4      | Reached skill level 6 in Transmutations
  3935 | D:4      | Found an oddly glowing altar of Pakellas.
  3935 | D:4      | Noticed an orange crystal statue
  4059 | D:4      | Found a blossoming altar of Fedhas.
  4124 | D:4      | Found Fiol's Jewellery Emporium.
  4146 | D:4      | Found a stormy altar of Qazlal.
  4542 | D:5      | Entered Level 5 of the Dungeon
  4676 | D:5      | Reached XP level 8. HP: 33/60 MP: 12/15
  4695 | D:5      | Learned a level 4 spell: Ice Form
  4756 | D:5      | Noticed Edmund
  4907 | D:5      | Killed Edmund
  4907 | D:5      | Reached skill level 5 in Dodging
  4907 | D:5      | Reached skill level 5 in Unarmed Combat
  4926 | D:5      | Reached skill level 7 in Transmutations
  5174 | D:5      | Reached skill level 5 in Spellcasting
  5234 | D:5      | Found a glowing drain.
  5262 | Sewer    | Entered a sewer
  6527 | D:6      | Found a white marble altar of Elyvilon.
  6534 | D:6      | Found a glowing silver altar of Zin.
  6708 | D:6      | Found a staircase to the Ecumenical Temple.
  6747 | Temple   | Entered the Ecumenical Temple
  6757 | Temple   | Became a worshipper of Uskayaw the Reveler
  6792 | D:6      | Reached * piety under Uskayaw
  6875 | D:6      | Reached skill level 8 in Transmutations
  6880 | D:6      | Reached ** piety under Uskayaw
  7017 | D:6      | Reached XP level 9. HP: 66/66 MP: 12/17
  7335 | D:7      | Reached *** piety under Uskayaw
  7543 | D:7      | Reached **** piety under Uskayaw
  7863 | D:7      | Reached skill level 9 in Transmutations
  7872 | D:7      | Found a bloodstained altar of Trog.
  7896 | D:7      | Reached skill level 5 in Fighting
  7909 | D:7      | Noticed a two-headed ogre
  7919 | D:7      | Killed a two-headed ogre
  8249 | D:7      | Gained mutation: You have sharp fingernails. [mutagenic meat]
  8252 | D:7      | Gained mutation: Your mind is acute. (Int +2) [mutagenic meat]
  8255 | D:7      | Gained mutation: You are weak. (Str -2) [mutagenic meat]
  8258 | D:7      | Gained mutation: Your movements are slightly less encumbered by armour. (ER -2) [mutagenic meat]
  8621 | D:8      | Splashed by a jelly's acid

Vault maps used:
D:1:      lightli_arrival_noodles, minmay_pentomino_w2
D:2:      nicolae_tso_carved_into_rock
D:3:      overflow_temple_1_default
D:4:      overflow_temple_1_default, overflow_temple_1_default, first_bread,
          serial_shops, kennysheep_mini_moat,
          gammafunk_pakellas_statue_experiment
D:5:      portal_sewer_entry_b, uniq_edmund
D:6:      elyvilon_altar_4, lemuel_round_altar
D:7:      serial_glass, glass_columns_a, glass_columns_b, glass_columns_a,
          glass_columns_b, glass_columns_b, glass_columns_b, glass_columns_b,
          glass_columns_a, basic_altar
D:8:      gammafunk_temple_overflow_wave, erik_lair_island,
          hangedman_little_slice_of_home
Temple:   nicolae_temple_great_sept
Sewer:    sewer_minmay_treatment

Skill      XL: |  1  2  3  4  5  6  7  8  9 |
---------------+----------------------------+-----
Dodging        | 3 4 5 6 |  6.9
Transmutations | 3 4 5 6 8 9 |  9.4
Spellcasting   | 3 4 5 6 |  6.6
Fighting       | 2 3 4 5 |  5.2
Unarmed Combat | 4 5 6 |  6.3

Action                   |  1- 3 |  4- 6 |  7- 9 || total
-------------------------+-------+-------+-------++-------
Melee: Unarmed           |   106 |   206 |   481 ||   793
       Punch             |     1 |     1 |    10 ||    12
 Cast: Sticks to Snakes  |     1 |     3 |     4 ||     8
       Spider Form       |     3 |     5 |    18 ||    26
       Blade Hands       |       |       |    13 ||    13
  Use: Potion            |       |     7 |       ||     7
       Scroll            |       |     1 |    13 ||    14
 Stab: Sleeping          |     2 |     3 |       ||     5
       Distracted        |       |     1 |     1 ||     2
       Paralysed         |       |       |     7 ||     7
  Eat: Chunk             |     1 |     8 |    21 ||    30
       Meat ration       |       |       |     1 ||     1
Armor: Robe              |    17 |    18 |    26 ||    61
       Skin              |       |    75 |     9 ||    84
Dodge: Dodged            |    80 |   121 |   426 ||   627
